 Dungeon Crawl Stone Soup version 0.19.5 (webtiles) character file.

982 Kisielow the Ducker (level 8, -9/60 HPs)
             Began as a Merfolk Transmuter on May 17, 2017.
             Mangled by tschems's ghost (17 damage)
             ... on level 5 of the Dungeon.
             The game lasted 00:10:36 (5025 turns).

Kisielow the Ducker (Merfolk Transmuter)            Turns: 5025, Time: 00:10:37

Health: -9/60      AC:  2    Str: 12    XL:     8   Next: 17%
Magic:  3/11       EV: 26    Int: 15    God:
Gold:   92         SH:  0    Dex: 19    Spells: 2 memorised, 7 levels left

rFire  . . .     SeeInvis .       - Unarmed
rCold  . . .     Gourm    .     (armour currently unavailable)
rNeg   . . .     Faith    .     (shield currently unavailable)
rPois  x         Spirit   .     (helmet currently unavailable)
rElec  .         Reflect  .     (cloak currently unavailable)
rCorr  .         Harm     .     (gloves currently unavailable)
MR     .....                    (boots currently unavailable)
Stlth  ++........               (no amulet)
                                (no ring)
                                h - +2 ring of strength

@: spider-form (expiring), very slightly contaminated
A: (change form in water), (swift swim), (stealthy swim)
a: End Transformation


You were on level 5 of the Dungeon.
You were not hungry.
You were a venomous arachnid creature.
You visited 1 branch of the dungeon, and saw 5 of its levels.

You collected 92 gold pieces.

Inventory:

Missiles
 a - 56 arrows
Armour
 b - a +0 robe (melded)
Jewellery
 h - a +2 ring of strength (left front leg)
 m - an uncursed ring of teleportation
Wands
 o - a wand of acid (5/15)
Scrolls
 e - a scroll of blinking
 f - 3 scrolls of magic mapping
 j - a scroll of remove curse
 r - a scroll of recharging {unknown}
 u - a scroll of identify
Potions
 i - 4 potions of curing
 k - 4 potions of heal wounds
 l - 4 potions of lignification {unknown}
 p - a potion of cancellation {unknown}
 s - a potion of degeneration {unknown}
 t - 3 potions of resistance {unknown}
Books
 c - a book of Changes

   Spells                             Type                      Level
   a - Beastly Appendage              Transmutation                1
   b - Sticks to Snakes               Transmutation                2
   c - Spider Form                    Transmutation/Poison         3
   d - Ice Form                       Ice/Transmutation            4
   e - Blade Hands                    Transmutation                5
Comestibles
 d - 3 bread rations
 g - 4 fruits
 n - a meat ration
 q - a chunk of flesh


   Skills:
 + Level 3.9 Fighting
 * Level 7.0 Dodging
 + Level 6.7 Unarmed Combat
 - Level 2.0 Spellcasting
 - Level 6.1 Transmutations


You had 7 spell levels left.
You knew the following spells:

 Your Spells              Type           Power        Failure   Level  Hunger
a - Beastly Appendage     Tmut           ###...       8%          1    #......
q - Spider Form           Tmut/Pois      ##........   41%         3    ###....


Dungeon Overview and Level Annotations

Branches:
Dungeon (5/15)
 Temple: D:4-7

Altars:
Elyvilon
Sif Muna

Annotations:
D:5 tschems's ghost, novice HuFi


Message History

Tschems's ghost hits you!
You hit tschems's ghost but do no damage.
You hit tschems's ghost.
Tschems's ghost is lightly damaged.
Tschems's ghost hits you!
You hit tschems's ghost but do no damage.
Tschems's ghost is lightly damaged.
Tschems's ghost hits you!
You hit tschems's ghost but do no damage.
Tschems's ghost is lightly damaged.
Tschems's ghost hits you!
* * * LOW HITPOINT WARNING * * *
You hit tschems's ghost.
Tschems's ghost is lightly damaged.
Tschems's ghost misses you.
You barely miss tschems's ghost.
Tschems's ghost is lightly damaged.
Your transformation is almost over.
Tschems's ghost hits you!
You die...

.........#
##...#..######.#...###
.........+
............(((...<...
.........#
##....#.##.###.#)..###
#.....>.## ##.#.#.##.#
#.##..# ##.....##
#.#.#.##(# #.....#
##...## #.....##.#
####.W# ##+## #.####.#
#..# #.# #W# #.# #..#
#.# #s# #.. ...#
##.###### #.# ### ...
###.......# #.#
..........# #.#
###.......######.#
#..............#
#.......########
#.......# #.....^.#


You could see tschems's ghost.

Vanquished Creatures
  The ghost of nano the Vexing, an amateur SpEn of Okawaru (D:3)
  A phantom (D:4)
  An ogre (D:4)
  A centaur (D:5)
  A bullfrog (D:2)
  A jelly (D:5)
  A hound (D:4)
  3 orc priests (D:4)
  6 orc wizards
  A bullfrog skeleton (D:4)
  Jessica (D:2)
  A worker ant (D:4)
  A killer bee zombie (D:5)
  7 adders
  3 oozes
  2 worms
  2 dart slugs
  2 leopard geckos
  13 orcs
  A ball python (D:3)
  7 bats
  8 giant cockroaches
  7 goblins
  6 hobgoblins
  A kobold (D:3)
  2 quokkas
  3 frilled lizards
  A quokka skeleton (D:4)
  3 rats (D:1)
88 creatures vanquished.

Notes
Turn   | Place    | Note
-------+----------+-------------------------------------------
     0 | D:1      | Kisielow the Merfolk Transmuter began the quest for the Orb.
     0 | D:1      | Reached XP level 1. HP: 15/15 MP: 3/3
   355 | D:1      | Reached XP level 2. HP: 21/21 MP: 5/5
   770 | D:2      | Reached XP level 3. HP: 13/26 MP: 6/6
   990 | D:2      | Learned a level 3 spell: Spider Form
  1614 | D:2      | Noticed Jessica
  1619 | D:2      | Killed Jessica
  1619 | D:2      | Reached skill level 5 in Unarmed Combat
  1619 | D:2      | Reached XP level 4. HP: 32/32 MP: 0/7
  2016 | D:3      | Noticed a bullfrog
  2027 | D:2      | Killed a bullfrog
  2027 | D:2      | Reached skill level 5 in Transmutations
  2027 | D:2      | Reached XP level 5. HP: 30/37 MP: 4/8
  2308 | D:3      | Found a deep blue altar of Sif Muna.
  2399 | D:3      | Found a white marble altar of Elyvilon.
  2475 | D:3      | Noticed nano's ghost (amateur SpEn)
  2639 | D:4      | Reached skill level 3 in Dodging
  2639 | D:4      | Reached XP level 6. HP: 34/43 MP: 6/9
  2929 | D:4      | Reached skill level 4 in Dodging
  3138 | D:4      | Reached XP level 7. HP: 39/51 MP: 7/10
  3448 | D:4      | Reached skill level 5 in Dodging
  3732 | D:3      | Killed nano's ghost
  3982 | D:5      | Entered Level 5 of the Dungeon
  4065 | D:5      | Noticed tschems's ghost (novice HuFi)
  4383 | D:4      | Reached skill level 6 in Dodging
  4490 | D:4      | Reached XP level 8. HP: 32/60 MP: 6/11
  4980 | D:5      | Reached skill level 7 in Dodging
  5025 | D:5      | Mangled by tschems's ghost

Skill      XL: |  1  2  3  4  5  6  7  8 |
---------------+-------------------------+-----
Unarmed Combat | 4 5 6 |  6.7
Transmutations | 3 5 6 |  6.1
Dodging        | 3 4 6 7 |  7.0
Fighting       | 2 3 |  3.9
Spellcasting   | |  2.0

Action                   |  1- 3 |  4- 6 |  7- 9 || total
-------------------------+-------+-------+-------++-------
Melee: Unarmed           |    93 |   127 |   112 ||   332
       Punch             |       |       |     1 ||     1
 Cast: Spider Form       |     2 |    11 |    12 ||    25
  Use: Scroll            |       |     5 |     2 ||     7
 Stab: Sleeping          |     1 |     1 |       ||     2
  Eat: Chunk             |     2 |     7 |     5 ||    14
       Fruit             |       |       |     1 ||     1
       Beef jerky        |       |       |     1 ||     1
Armor: Robe              |    16 |    13 |     5 ||    34
       Skin              |     2 |     3 |     6 ||    11
Dodge: Dodged            |    65 |   102 |    94 ||   261
